 Dungeon Crawl Stone Soup version 0.17-a0-1562-g9b2c768 (webtiles) character file.

6100 mrath the Basher (level 10, -4/91 (92) HPs)
             Began as a Minotaur Fighter on July 20, 2015.
             Was an Elder of Okawaru.
             Killed from afar by Fannar (16 damage)
             ... with a bolt of cold
             ... on level 10 of the Dungeon.
             The game lasted 01:47:01 (12020 turns).

mrath the Basher (Minotaur Fighter)                Turns: 12020, Time: 01:47:01

HP:   -4/91 (92)    AC: 15    Str: 23    XL:     10   Next: 58%
MP:   0/0           EV:  7    Int:  5    God:    Okawaru [****..]
Gold: 371           SH: 11    Dex: 11    Spells: 0 memorised, 9 levels left

rFire  . . .     SeeInvis .     N - +10 flail "Jutaryeli" {freeze, +Inv rPois MP-9 Stlth+}
rCold  . . .     Clarity  +     o - +1 chain mail {rPois}
rNeg   . . .     SustAt   .     c - +0 shield
rPois  +         Gourm    .     (helmet restricted)
rElec  .         Spirit   .     Y - +0 cloak
rCorr  .         Warding  .     (no gloves)
rMut   .         Stasis   .     C - +0 pair of boots {Fly}
MR     .....                    p - amulet of clarity
Stlth  ..........               h - +1 ring of protection
                                K - +1 ring of slaying

@: flying, drained, not resistant to hostile enchantments, extremely unstealthy
A: retaliatory headbutt, horns 2
a: Heroism, Renounce Religion, Evoke Invisibility, Stop Flying


You were on level 10 of the Dungeon.
You worshipped Okawaru.
Okawaru was greatly pleased with you.
You were not hungry.

You visited 1 branch of the dungeon, and saw 10 of its levels.

You collected 520 gold pieces.
You spent 149 gold pieces at shops.

Inventory:

Hand weapons
 a - a +0 war axe
 j - a +2 hand axe of electrocution
 H - a +0 flail of protection
 J - a +0 blowgun
 N - the +10 flail "Jutaryeli" (weapon) {freeze, +Inv rPois MP-9 Stlth+}
   (You found it on level 5 of the Dungeon)

   It has been specially enchanted to freeze those struck by it, causing extra
   injury to most foes and up to half again as much damage against particularly
   susceptible opponents.
   It can also slow down cold-blooded creatures.
   It protects you from poison.
   It affects your magic capacity (-9).
   It lets you turn invisible.
   It makes you more stealthy.
Missiles
 f - 388 stones
 v - 38 poisoned needles
 w - 11 tomahawks
 x - 5 steel tomahawks (quivered)
 Q - 6 curare-tipped needles
 T - 4 javelins
Armour
 c - a +0 shield (worn)
 o - a +1 chain mail of poison resistance (worn)
 C - a +0 pair of boots of flying (worn)
 F - the +1 robe "Afetotag" {Regen+ Dex+4 SInv}
   (You found it on level 4 of the Dungeon)

   It affects your dexterity (+4).
   It lets you see invisible.
   It increases your rate of regeneration.
 P - a +0 plate armour
 Y - a +0 cloak (worn)
Jewellery
 g - an uncursed ring of protection from fire
 h - a +1 ring of protection (right hand)
 p - an amulet of clarity (around neck)
 K - a +1 ring of slaying (left hand)
 W - an uncursed ring of teleportation
Magical devices
 k - a wand of slowing (21)
 s - a wand of slowing (36)
 E - a wand of cold (5)
 I - a wand of draining (12)
 X - a wand of disintegration (10)
Scrolls
 b - a scroll of fog {unknown}
 d - 3 scrolls of identify
 y - 4 scrolls of enchant weapon
 A - 3 scrolls of teleportation
 D - 2 scrolls of fear {unknown}
 L - 2 scrolls of remove curse
 M - a scroll of torment {unknown}
 R - a scroll of recharging {unknown}
 U - a scroll of amnesia {unknown}
Potions
 i - a potion of flight {unknown}
 m - 7 potions of curing
 n - 2 potions of heal wounds {unknown}
 q - 2 potions of haste {unknown}
 t - a potion of degeneration {unknown}
 u - a potion of lignification {unknown}
 z - a potion of cure mutation {unknown}
 O - a potion of agility
 Z - 2 potions of brilliance {unknown}
Comestibles
 e - 5 bread rations
 l - 5 meat rations
 r - a chunk of flesh
 B - 12 fruits
 G - 6 slices of pizza


   Skills:
 + Level 9.6(8.6) Fighting
 - Level 5.8(7.8) Axes
 * Level 10.2(9.8) Maces & Flails
 + Level 9.4(8.4) Armour
 + Level 0.9(0.1) Dodging
 + Level 9.5(8.5) Shields


You had 9 spell levels left.
You didn't know any spells.

Dungeon Overview and Level Annotations

Branches:
Dungeon (10/15)            Temple (0/1) D:6
   Lair: D:8-11         Orc: D:9-12

Altars:
Cheibriados
Kikubaaqudgha
Okawaru
Sif Muna
Vehumet
Xom
The Shining One

Shops:
D:4 [[}   D:7 =

Annotations:
D:10 Fannar


Innate Abilities, Weirdness & Mutations

You reflexively headbutt those who attack you in melee.
You have a pair of horns on your head.


Message History

The ice beast is severely wounded.
You block the ice beast's attack.
Fannar casts a spell.
Your shield and chain mail prevent you from hitting the ice beast.
The ice beast is severely wounded.
Fannar gestures wildly while chanting.
Fannar drains the heat from the surrounding environment!
You feel very cold.
* * * LOW HITPOINT WARNING * * *
Fannar is frozen.
Fannar resists.
The ice beast hits you but does no damage.
You bludgeon the ice beast!!
You kill the ice beast!
You hit the ice beast.
The ice beast is moderately wounded.
You block the ice beast's attack.
Fannar points at you and mumbles some strange words.
The bolt of cold hits the ice beast.
The ice beast completely resists.
The bolt of cold hits you!
You die...

................... ...
.................# #.##
.......).........# #.##
.................## ####...
................... .......
............####### #######
............#
...........e###################
...........Y)Y@................
###############################


You could see Fannar and 2 ice beasts.

Vanquished Creatures
  A hydra (D:8)
  A hill giant (D:7)
  A centaur zombie (D:6)
  A troll (D:10)
  Sigmund (D:3)
  2 yaks (D:8)
  A steam dragon (D:7)
  2 sky beasts
  A necrophage (D:6)
  2 orc warriors
  A phantom (D:4)
  An eye of draining (D:9)
  6 centaurs
  5 ogres
  2 ice beasts
  3 big kobolds (D:8)
  5 giant frogs
  A scorpion (D:4)
  5 killer bees (D:9)
  5 crimson imps
  3 hounds
  7 orc wizards
  2 centaur skeletons (D:8)
  2 jellies (D:9)
  An iguana (D:8)
  2 orc priests
  A giant frog skeleton (D:5)
  8 worker ants
  A killer bee zombie (D:10)
  2 sheep (D:8)
  2 hound zombies
  A hound skeleton (D:6)
  Robin (D:3)
  4 gnolls
  A river rat (D:5)
  19 adders
  8 shadow imps
  An ooze (D:1)
  An adder skeleton (D:10)
  2 adder zombies
  6 giant geckos
  26 orcs
  A bat skeleton (D:4)
  9 giant cockroaches
  19 hobgoblins
  6 jackals
  18 kobolds
  4 quokkas
  15 bats
  A giant gecko skeleton (D:4)
  A giant gecko zombie (D:5)
  4 giant newts
  19 goblins
  A jackal skeleton (D:7)
  11 rats
257 creatures vanquished.

Vanquished Creatures (others)
  An orc (D:10)
1 creature vanquished.

Grand Total: 258 creatures vanquished

Notes
Turn   | Place    | Note
--------------------------------------------------------------
     0 | D:1      | mrath the Minotaur Fighter began the quest for the Orb.
     0 | D:1      | Reached XP level 1. HP: 19/19 MP: 0/0
   147 | D:1      | Reached skill level 4 in Fighting
   181 | D:1      | Reached XP level 2. HP: 24/27 MP: 1/1
   591 | D:1      | Reached XP level 3. HP: 26/33 MP: 2/2
  1361 | D:2      | Reached XP level 4. HP: 31/40 MP: 3/3
  2484 | D:3      | Noticed Sigmund
  2494 | D:3      | Killed Sigmund
  2494 | D:3      | Reached skill level 5 in Fighting
  2494 | D:3      | Reached skill level 5 in Armour
  2494 | D:3      | Reached skill level 5 in Shields
  2494 | D:3      | Reached XP level 5. HP: 46/48 MP: 4/4
  2494 | D:3      | Reached XP level 6. HP: 53/56 MP: 5/5
  2998 | D:3      | Noticed Robin
  3014 | D:3      | Killed Robin
  3196 | D:4      | Reached skill level 5 in Axes
  3440 | D:4      | Found Qawipaph's Armour Shop.
  3454 | D:4      | Reached XP level 7. HP: 62/62 MP: 6/6
  3474 | D:4      | Bought a +0 pair of boots of flying for 149 gold pieces
  3537 | D:4      | Found Riad's Gadget Shoppe.
  3594 | D:4      | Got a smoking robe
  3724 | D:4      | Found Obamnek's Armour Emporium.
  3741 | D:4      | Found an ancient bone altar of Kikubaaqudgha.
  3941 | D:4      | Reached skill level 6 in Fighting
  4067 | D:4      | Found an iron altar of Okawaru.
  4118 | D:4      | Became a worshipper of Warmaster Okawaru
  4156 | D:4      | Identified the cursed +1 robe "Afetotag" {Regen+ Dex+4 SInv} (You found it on level 4 of the Dungeon)
  4168 | D:5      | Entered Level 5 of the Dungeon
  4497 | D:5      | Got a jewelled flail
  4533 | D:5      | Identified the +10 flail "Jutaryeli" {freeze, +Inv rPois MP-9 Stlth+} (You found it on level 5 of the Dungeon)
  5043 | D:5      | Reached skill level 1 in Maces & Flails
  5561 | D:6      | Reached XP level 8. HP: 67/71 MP: 0/7
  5796 | D:6      | Found a radiant altar of Vehumet.
  5840 | D:6      | Found a staircase to the Ecumenical Temple.
  6093 | D:6      | Noticed a centaur zombie
  6105 | D:6      | Killed a centaur zombie
  6105 | D:6      | Acquired Okawaru's first power
  6146 | D:6      | Reached skill level 7 in Fighting
  6241 | D:6      | Reached skill level 5 in Maces & Flails
  6312 | D:6      | Found a shimmering altar of Xom.
  6877 | D:7      | Noticed a hill giant
  6888 | D:7      | Killed a hill giant
  6888 | D:7      | Reached XP level 9. HP: 25/79 MP: 0/8
  7302 | D:7      | Found Maxono's Jewellery Emporium.
  7533 | D:7      | Reached skill level 8 in Fighting
  8629 | D:8      | Found a snail-covered altar of Cheibriados.
  8834 | D:8      | Noticed a three-headed hydra
  8841 | D:8      | Killed a three-headed hydra
  8841 | D:8      | Reached skill level 9 in Fighting
  8841 | D:8      | Reached XP level 10. HP: 82/90 MP: 0/9
 10432 | D:9      | Found a glowing golden altar of the Shining One.
 11144 | D:9      | Found a deep blue altar of Sif Muna.
 11227 | D:9      | Reached skill level 10 in Maces & Flails
 11631 | D:10     | Entered Level 10 of the Dungeon
 11981 | D:10     | Noticed Fannar
 12020 | D:10     | Killed from afar by Fannar

Vault maps used:
D:1:      dpeg_arrival_castle
D:3:      minmay_misc_feat_doors, uniq_sigmund, uniq_robin
D:4:      kiku_gazebo_garden_becter, okawaru_altar_gauntlet_db, first_bread,
          serial_shops, kennysheep_mini_moat, nicolae_shop_trees,
          shop_fountains, minmay_misc_feat_nine_boxes
D:5:      gup_sewer_entry_bowl
D:6:      fiery_altar_vehumet, old_standard_altar,
          lemuel_temple_firewalk_marked, serial_bayou_pond_d,
          nrook_loot_triangle
D:7:      serial_shops, shop_fountains
D:8:      lemuel_crystal_altar, hangedman_ranch
D:9:      nicolae_tso_swordbearing_angel, led_sif_pool
D:10:     minmay_weird_star, enter_bailey_7, uniq_joseph, uniq_fannar

Action                   |  1- 3 |  4- 6 |  7- 9 | 10-12 || total
-------------------------+-------+-------+-------+-------++-------
Melee: War axe           |    76 |    33 |       |       ||   109
       Hand axe          |       |    95 |    33 |       ||   128
       Flail             |       |       |   158 |   135 ||   293
Throw: Stone             |     9 |    17 |     8 |     6 ||    40
       Javelin           |       |       |    94 |    13 ||   107
       Tomahawk          |       |       |       |    22 ||    22
  Use: Scroll            |       |     1 |     5 |     3 ||     9
       Potion            |       |     1 |       |       ||     1
 Stab: Sleeping          |       |       |       |     2 ||     2
  Eat: Chunk             |     2 |     5 |     5 |     8 ||    20
       Beef jerky        |       |     1 |     1 |       ||     2
       Bread ration      |       |       |     2 |     1 ||     3
       Pizza             |       |       |     1 |       ||     1
